 Dungeon Crawl Stone Soup version 0.31-a0-1-g4198be8af4 (webtiles) character file.

Game seed: 6796110743958048379

342 ytrimaz the Trooper (level 6, -2/85 HPs)
             Began as a Minotaur Fighter on May 1, 2023.
             Slain by an iguana (5 damage)
             ... on level 4 of the Dungeon.
             The game lasted 00:03:18 (2752 turns).

ytrimaz the Trooper (Minotaur Fighter)              Turns: 2752, Time: 00:03:18

Health: -2/85      AC: 23    Str: 20    XL:     6   Next: 30%
Magic:  5/5        EV:  2    Int:  5    God:
Gold:   249        SH:  5    Dex: 12    Spells: 5/5 levels left

rFire   . . .        a - +0 war axe
rCold   . . .        c - +0 buckler
rNeg    . . .        f - melded +0 plate armour
rPois   +            (helmet currently unavailable)
rElec   .            (cloak currently unavailable)
rCorr   .            (gloves currently unavailable)
SInv    .            (boots currently unavailable)
Will    .....        (no amulet)
Stlth   +            (no ring)
HPRegen 0.34/turn    (no ring)
MPRegen 0.09/turn

%: clarity
@: tree-form
A: stationary, stasis, torment immunity, boosted hp, (horns 2), (retaliatory
headbutt), clarity
a: no special abilities


You were on level 4 of the Dungeon.
You were a tree.
You visited 1 branch of the dungeon, and saw 4 of its levels.

You collected 249 gold pieces.


Innate Abilities, Weirdness & Mutations

You are a tree.
Your roots penetrate the ground, keeping you stationary.
You cannot be teleported.
You are immune to unholy pain and torment.
Your maximum health is greatly increased.
Your equipment is partially melded.
((You have a pair of horns on your head.))
((You reflexively headbutt those who attack you in melee.))
You possess an exceptional clarity of mind.


   Skills:
 * Level 5.7 Fighting
 + Level 4.9 Axes
 + Level 5.7 Armour
 - Level 4.0 Shields


You had 5 spell levels left.
You didn't know any spells.
Your spell library contained the following spells:

 Spells                   Type           Power      Damage    Failure   Level
 Magic Dart               Conj           0%         1d3       54%         1
 Necrotise                Necr           0%         1d4       54%         1
 Poisonous Vapours        Pois/Air       0%         N/A       69%         2
 Searing Ray              Conj           0%         2d4       69%         2
 Dazzling Flash           Conj/Hex       0%         N/A       89%         3
 Mephitic Cloud           Conj/Pois/Air  0%         N/A       89%         3
 Vampiric Draining        Necr           0%         2d6       89%         3
 Fulminant Prism          Conj/Hex       0%         3d5       100%        4
 Agony                    Necr           0%         N/A       100%        5
 Freezing Cloud           Conj/Ice/Air   0%         6-21      100%        5
 Silence                  Hex/Air        0%         N/A       100%        5

Inventory:

Hand Weapons
 a - a +0 war axe (weapon)
Armour
 b - a +1 scale mail
 c - a +0 buckler (worn)
 f - a +0 plate armour (melded)
   (You found it on level 3 of the Dungeon)
Jewellery
 n - an amulet of magic regeneration
   (You found it on level 4 of the Dungeon)
Scrolls
 k - a scroll of vulnerability
 o - a scroll of fog
 p - a scroll of amnesia {unknown}
 q - 2 scrolls of teleportation {unknown}
 t - a scroll of blinking {unknown}
 u - a scroll of brand weapon {unknown}
Potions
 d - a potion of might
 e - 2 potions of mutation
 g - a potion of magic {unknown}
 h - a potion of haste {unknown}
 i - a potion of lignification
 j - 2 potions of curing {unknown}
 l - 2 potions of ambrosia {unknown}
 m - 4 potions of degeneration {unknown}
 r - 2 potions of brilliance
 s - a potion of heal wounds {unknown}

Dungeon Overview and Level Annotations

Branches:
Dungeon (4/15) Zot: 21197
 Temple: D:4-7

Altars:
Wu Jian

Shops:
D:4 ?

Annotations:
D:3 1 runed translucent door, jasper's ghost, weakling DsAE

## ... #.## ######
#... #....#
#....#....#
#...g#...#
#.....)..# #l..#
#♣..# #...+ #.#.+
################.###
...................#
.......#########.###
.......# #######.#.#
.<....####.........#
##.........####..###


You could see an iguana and a gnoll (swift).


Message History

😕 HP[+1]
A quokka and a gnoll come into view.
The quokka moves out of view. 😎 HP[+2]
Your hp is fully restored (56).
A gnoll is nearby!
A gnoll is nearby!
A gnoll is nearby!
An iguana and a gnoll bouda come into view.
The iguana hisses angrily.
The gnoll bouda shouts!
You hear a shout!
A gnoll comes into view. It is wielding a +0 spear.
A gnoll comes into view. It is wielding a +0 spear.
The gnoll shouts!
You closely miss the gnoll. The gnoll hits you but does no damage.
You slash the gnoll! Your headbutt misses the gnoll.
You block the gnoll's attack.
Unknown command.
You barely miss the gnoll. Your headbutt misses the gnoll.
The gnoll hits you with a +0 club!
The gnoll bouda barks out a call to the hunt!
The gnolls pick up the pace! 😕 HP[-7]
You take 7 damage, and now have 49/56 hp.
You barely miss the quokka. You hit the gnoll.
You kill the gnoll!
The quokka bites you but does no damage.
You hit the quokka. The quokka closely misses you.
The gnoll bouda gazes fiercely through you!
You feel your attacks grow feeble. You block the quokka's attack. 😕 HP[+1]
You hit the quokka. You headbutt the quokka.
You kill the quokka!
The gnoll hits you but does no damage. You block the gnoll's attack.
The gnoll bouda hits you but does no damage.
You closely miss the gnoll bouda.
You headbutt the gnoll bouda, but do no damage.
The gnoll hits you but does no damage. You block the gnoll's attack.
You hit the iguana. You hit the gnoll bouda.
The gnoll hits you but does no damage. x2; You block the iguana's attack.
The gnoll bouda hits you with a +0 club.
Unknown command. 😕 HP[-5]
You take 5 damage, and now have 45/56 hp.
You barely miss the iguana.
You hit the gnoll bouda but do no damage.
Your attacks no longer feel as feeble.
You block the gnoll's attack. The gnoll hits you but does no damage.
The gnoll bouda completely misses you. The iguana bites you!
The gnoll hits you but does no damage. x2 😮 HP[-7]
You take 7 damage, and now have 38/56 hp.
You hit the iguana but do no damage. You slash the gnoll bouda!
The gnoll bouda hits you with a +0 club.
The iguana bites you but does no damage.
The gnoll hits you but does no damage. You block the gnoll's attack.
The iguana bites you!
The gnoll bouda barely misses you. 😮 HP[-9]
You take 9 damage, and now have 29/56 hp.
You are too injured to fight recklessly!
You closely miss the iguana. You hit the gnoll bouda.
The gnoll hits you but does no damage. x2; You block the iguana's attack.
The gnoll bouda hits you but does no damage. 😮 HP[+1] Unknown command.
You are too injured to fight recklessly!
You barely miss the iguana. You slash the gnoll bouda!
You kill the gnoll bouda!
The gnoll barely misses you. You block the gnoll's attack.
The iguana bites you but does no damage.
The gnoll hits you but does no damage.
The gnoll hits you from afar with a +0 spear.
* * * LOW HITPOINT WARNING * * *
The iguana barely misses you. You furiously retaliate!
You headbutt the iguana. 😨 HP[-2]
You now have 57 max hp (+1).
You take 2 damage, and now have 28/57 hp.
You hit the iguana but do no damage.
You headbutt the iguana, but do no damage.
The gnoll hits you but does no damage. x2; The iguana bites you!
* * * LOW HITPOINT WARNING * * *
😨 HP[-11]
You take 11 damage, and now have 17/57 hp.
You hit the iguana. The gnoll hits you but does no damage.
The gnoll barely misses you. The iguana bites you!
* * * LOW HITPOINT WARNING * * *
😱 HP[-10]
You take 10 damage, and now have 7/57 hp.
Unknown command.
Okay, then.
The iguana attacks as you move away! The iguana bites you.
* * * LOW HITPOINT WARNING * * *
😱 HP[-5]
You take 5 damage, and now have 2/57 hp.
Unknown command.
Okay, then.
It was a potion of lignification.
You turn into a tree.
Your +0 plate armour melds into your body.
Your roots penetrate the ground.
The iguana bites you.
You die...

Skill      XL: |  1  2  3  4 |
---------------+-------------+-----
Armour         | 4 5 |  5.7
Fighting       | 4 5 |  5.7
Axes           | 3 4 |  4.9
Shields        | 4 |  4.0

Action                     |  1- 3 |  4- 6 || total
---------------------------+-------+-------++-------
  Melee: War axe           |    58 |    84 ||   142
         Headbutt          |     8 |    15 ||    23
    Use: Scroll            |       |     5 ||     5
         Potion            |       |     2 ||     2
 Armour: Scale mail        |    28 |    12 ||    40
         Plate armour      |       |    33 ||    33
  Dodge: Dodged            |    29 |    32 ||    61
  Block: Buckler           |    12 |    23 ||    35

Levels and vault maps discovered:
D:1:      amcnicky_arrival_flooded_fountain, layout_loops_ring, hex_medium
D:2:      layout_basic, basic_altar
D:3:      layout_loops_ring, hellmonk_ghost_happy_afterlife,
          kennysheep_generic_room_12
D:4:      layout_rooms, minmay_temple_entry_nine_rooms, serial_shops,
          nicolae_shop_rolled_up, kennysheep_big_empty_room,
          dreamdust_gnoll_farm

Notes
Turn   | Place    | Note
-------+----------+-------------------------------------------
     0 | D:1      | ytrimaz the Minotaur Fighter began the quest for the Orb.
     0 | D:1      | Reached XP level 1. HP: 19/19 MP: 0/0
     0 | D:1      | magus.rc [v1.9.6]
    71 | D:1      | You pick up a book of the Senses and begin reading...
    71 | D:1      | You add the spells Dazzling Flash, Agony and Silence to
                  | your library.
   310 | D:1      | You pick up a book of Conjurations and begin reading...
   310 | D:1      | You add the spells Magic Dart, Searing Ray and Fulminant
                  | Prism to your library.
   397 | D:1      | Reached XP level 2. HP: 25/27 MP: 1/1
   813 | D:2      | Reached skill level 4 in Armour
   846 | D:2      | Reached skill level 4 in Fighting
   846 | D:2      | Reached skill level 3 in Axes
   846 | D:2      | Reached skill level 4 in Shields
   848 | D:2      | Reached XP level 3. HP: 31/33 MP: 2/2
  1016 | D:2      | Found an ornate altar of the Wu Jian Council.
  1113 | D:2      | Reached XP level 4. HP: 39/41 MP: 3/3
  1222 | D:2      | You pick up a book of Necromancy and begin reading...
  1222 | D:2      | You add the spells Necrotise and Vampiric Draining to your
                  | library.
  1462 | D:3      | Reached skill level 4 in Axes
  1466 | D:3      | Reached skill level 5 in Fighting
  1466 | D:3      | Reached skill level 5 in Armour
  1466 | D:3      | Reached XP level 5. HP: 32/48 MP: 4/4
  1570 | D:3      | Noticed jasper's ghost (weakling DsAE)
  1574 | D:3      | Found a runed translucent door.
  1700 | D:3      | You pick up a book of Vapours and begin reading...
  1700 | D:3      | You add the spells Poisonous Vapours, Mephitic Cloud and
                  | Freezing Cloud to your library.
  2291 | D:3      | Gained mutation: You possess an exceptional clarity of
                  | mind. [potion of mutation]
  2461 | D:4      | Reached XP level 6. HP: 44/56 MP: 5/5
  2635 | D:4      | Found Wiatul's Magic Scroll Boutique.
  2750 | D:4      | HP: 7/57 [iguana (10)]
  2751 | D:4      | HP: 1/57 [iguana (6)]
  2752 | D:4      | Slain by an iguana

Vanquished Creatures
  A gnoll bouda (D:4)
  A jelly (D:4)
  2 orc priests (D:3)
  A hound (D:4)
  An iguana (D:4)
  An orc wizard (D:3)
  A gnoll (D:4)
  7 adders
  2 worms
  A dart slug (D:2)
  2 orcs (D:3)
  3 endoplasms
  2 giant cockroaches
  5 goblins
  5 hobgoblins
  2 jackals (D:3)
  2 quokkas
  5 ball pythons
  9 bats
  3 frilled lizards
  5 kobolds
  4 rats
65 creatures vanquished.

Table legend:
 A = Non-vault XP
 B = Vault XP
 C = Vault XP percentage of total XP
 D = Non-vault monster count
 E = Vault monster count
 F = Vault count percentage of total count
                 A         B        C        D         E       F
            +---------+---------+-------+---------+---------+-------
      Total |     489 |       0 |   0.0 |      65 |       0 |   0.0
            +---------+---------+-------+---------+---------+-------
        D:1 |      12 |       0 |   0.0 |       9 |       0 |   0.0
        D:2 |      87 |       0 |   0.0 |      21 |       0 |   0.0
        D:3 |     176 |       0 |   0.0 |      23 |       0 |   0.0
        D:4 |     214 |       0 |   0.0 |      12 |       0 |   0.0
            +---------+---------+-------+---------+---------+-------

Skill      XL: |  1  2  3  4 |
---------------+-------------+-----
Armour         | 4 5 |  5.7
Fighting       | 4 5 |  5.7
Axes           | 3 4 |  4.9
Shields        | 4 |  4.0

Action                     |  1- 3 |  4- 6 || total
---------------------------+-------+-------++-------
  Melee: War axe           |    58 |    84 ||   142
         Headbutt          |     8 |    15 ||    23
    Use: Scroll            |       |     5 ||     5
         Potion            |       |     2 ||     2
 Armour: Scale mail        |    28 |    12 ||    40
         Plate armour      |       |    33 ||    33
  Dodge: Dodged            |    29 |    32 ||    61
  Block: Buckler           |    12 |    23 ||    35

Illustrated notes

Table legend:
 A = Kills in this place as a percentage of kills in the entire game.
 B = Kills by you in this place as a percentage of kills by you in the entire game.
 C = Kills by friends in this place as a percentage of kills by friends in the entire game.
 D = Other kills in this place as a percentage of other kills in the entire game.
 E = Experience gained in this place as a percentage of experience gained in the entire game.
 F = Experience gained in this place divided by the number of levels of this place that you have seen.
                   A       B       C       D       E      F
               +-------+-------+-------+-------+-------+----------------------
         Total | 100.0 | 100.0 |   N/A |   N/A | 100.0 | 122.2
       Dungeon | 100.0 | 100.0 |   N/A |   N/A | 100.0 | 122.2
               +-------+-------+-------+-------+-------+----------------------

Table legend: (Time is in decaauts)
 A = Elapsed time spent in this place.
 B = Non-inter-level travel time spent in this place.
 C = Inter-level travel time spent in this place.
 D = Time resting spent in this place.
 E = Time spent auto-exploring this place.
 F = Levels seen in this place.
 G = Mean time per level.
                   A        B        C        D        E       F      G
               +--------+--------+--------+--------+--------+-----+--------+
         Total |   2802 |   2724 |     78 |      0 |   2258 |   4 |  700.5 |
       Dungeon |   2802 |   2724 |     78 |      0 |   2258 |   4 |  700.5 |
               +--------+--------+--------+--------+--------+-----+--------+

Top non-repeatable levels by time:
     D:3: 886 daAuts
     D:2: 741 daAuts
     D:1: 728 daAuts
     D:4: 445 daAuts
